 Dungeon Crawl Stone Soup version 0.24-a0-368-g0e0cebd0f3 (webtiles) character file.

Game seed: 6923791759350189279

757 incide the Charmwright (level 7, -1/56 HPs)
             Began as a Gnoll Skald on May 29, 2019.
             Was an Initiate of Ashenzari.
             Slain by a scorpion (8 damage)
             ... on level 5 of the Dungeon.
             The game lasted 00:15:27 (3607 turns).

incide the Charmwright (Gnoll Skald)                Turns: 3607, Time: 00:15:28

Health: -1/56      AC:  3    Str: 13      XL:     7   Next: 79%
Magic:  7/15       EV: 14    Int: 17      God:    Ashenzari [......]
Gold:   129        SH:  0    Dex: 14 (15) Spells: 6/17 levels left

rFire    . . .     SeeInvis .   a - +0 hand axe
rCold    + . .     Gourm    .   (no shield)
rNeg     . . .     Faith    .   m - +0 leather armour
rPois    .         Spirit   .   (no helmet)
rElec    .         Reflect  .   (no cloak)
rCorr    .         Harm     .   (no gloves)
MR       .....                  (no boots)
Stlth    ++........             (no amulet)
HPRegen  1.18/turn              o - ring of protection from cold
MPRegen  0.14/turn              (no ring)

@: very slightly contaminated, regenerating
A: distributed training, fangs 1, strong nose
a: Curse Item, Renounce Religion


You were on level 5 of the Dungeon.
You worshipped Ashenzari.
Ashenzari was noncommittal.
You were not hungry.

You visited 2 branches of the dungeon, and saw 6 of its levels.

You collected 129 gold pieces.

Inventory:

Hand Weapons
 a - a +0 hand axe (weapon)
 b - a +0 shortbow
 c - a +0 hunting sling
 l - a +0 rapier
 p - a +0 falchion
 w - a +0 dagger of venom
 y - a +0 dagger of electrocution
 C - a +1 falchion of electrocution
Missiles
 n - 18 arrows
 r - 5 boomerangs
 t - 14 poisoned darts (quivered)
Armour
 m - a +0 leather armour (worn)
Jewellery
 o - a ring of protection from cold (left hand)
Wands
 u - a wand of polymorph (9)
 B - a wand of flame (6)
Scrolls
 e - 3 scrolls of identify {unknown}
 i - 2 scrolls of fear {unknown}
 j - 3 scrolls of teleportation {unknown}
 q - a scroll of fog
 s - 3 scrolls of remove curse
 v - a scroll of immolation {unknown}
Potions
 f - 2 potions of heal wounds
 g - 2 potions of cancellation {unknown}
 h - 3 potions of curing
 k - a potion of flight {unknown}
 x - a potion of might {unknown}
 A - a potion of lignification {unknown}
Comestibles
 d - 11 rations
 z - 5 chunks of flesh {@w1}


   Skills:
 + Level 5.3 Fighting
 + Level 2.6 Short Blades
 + Level 2.6 Long Blades
 + Level 5.3 Axes
 + Level 2.6 Maces & Flails
 + Level 2.6 Polearms
 + Level 2.6 Staves
 + Level 2.6 Slings
 + Level 2.6 Bows
 + Level 2.6 Crossbows
 + Level 2.6 Throwing
 + Level 3.7 Armour
 + Level 5.3 Dodging
 + Level 2.6 Stealth
 + Level 2.6 Shields
 + Level 2.6 Unarmed Combat
 + Level 5.7 Spellcasting
 + Level 2.1 Conjurations
 + Level 2.1 Hexes
 + Level 5.9 Charms
 + Level 2.1 Summonings
 + Level 2.1 Necromancy
 + Level 2.1 Translocations
 + Level 2.1 Transmutations
 + Level 2.1 Fire Magic
 + Level 2.1 Ice Magic
 + Level 2.1 Air Magic
 + Level 2.1 Earth Magic
 + Level 2.1 Poison Magic
 + Level 3.0 Invocations
 + Level 2.6 Evocations


You had 6 spell levels left.
You knew the following spells:

 Your Spells              Type           Power        Failure   Level  Hunger
a - Infusion              Chrm           ####         1%          1    None
b - Song of Slaying       Chrm           ####....     2%          2    #......
c - Shroud of Golubria    Chrm/Tloc      ###.......   4%          2    #......
d - Regeneration          Chrm/Necr      ###.......   10%         3    ##.....
e - Spectral Weapon       Hex/Chrm       ###.....     10%         3    ##.....

Your spell library contained the following spells:

 Spells                   Type           Power        Failure   Level  Hunger
 Beastly Appendage        Tmut           ##....       7%          1    None
 Sticks to Snakes         Tmut           ##......     10%         2    #......
 Spider Form              Tmut/Pois      ##........   21%         3    ##.....
 Ice Form                 Ice/Tmut       ##......     54%         4    ####...
 Blade Hands              Tmut           ##........   88%         5    ######.


Dungeon Overview and Level Annotations

Branches:
Dungeon (5/15)             Temple (1/1) D:4

Altars:
Ashenzari
Cheibriados
Elyvilon
Fedhas
Gozag
Hepliaklqana
Kikubaaqudgha
Makhleb
Nemelex Xobeh
Qazlal
Ru
Trog
Uskayaw
Xom
Yredelemnul
Zin
The Shining One

Shops:
D:4 }


Innate Abilities, Weirdness & Mutations

Your experience applies equally to all skills.
You have very sharp teeth.
Your uncanny sense of smell can sniff out nearby items.


Message History

You miscast Regeneration.
You are very lightly contaminated with residual magic.
Nothing appears to happen.
The scorpion stings you!
Casting: Regeneration (safe; 10% risk of failure)
Confirm with . or Enter, or press ? or * to list all spells.
Space distorts slightly along a thin shroud covering your body.
You feel sick. The scorpion stings you.
* * * LOW HITPOINT WARNING * * *
You hear a distant slurping noise.
You hit the scorpion.
The scorpion is heavily wounded.
The scorpion stings you!
* * * LOW HITPOINT WARNING * * *
Your shroud falls apart!
You feel better. The scorpion stings you.
* * * LOW HITPOINT WARNING * * *
Casting: Shroud of Golubria (safe; 4% risk of failure)
Confirm with . or Enter, or press ? or * to list all spells.
Your skin crawls.
The scorpion stings you!
You die...

#...# ###.# #÷# ####
#.# ....# #.# ....#
#.# ####....## #.#
#.........
###.########.........
#..<....@s.†.........
############.........
#......... #.........
#......... ##########


You could see a scorpion.

Vanquished Creatures
  Sigmund (D:2)
  A phantom (D:4)
  A centaur (D:2)
  A howler monkey (D:5)
  4 orc wizards (D:4)
  Terence (D:2)
  Natasha (thrice) (D:3)
  A worker ant (D:2)
  A howler monkey zombie (D:5)
  7 adders
  An ooze (D:2)
  2 worms
  A dart slug (D:1)
  2 leopard geckos (D:1)
  2 orcs
  A ball python (D:3)
  2 giant cockroaches
  6 goblins
  6 hobgoblins
  2 jackals (D:3)
  10 kobolds
  A quokka (D:3)
  6 bats
  2 frilled lizards
  7 rats
72 creatures vanquished.

Vanquished Creatures (others)
  A spectral weapon (D:2)
1 creature vanquished.

Grand Total: 73 creatures vanquished

Notes
Turn   | Place    | Note
-------+----------+-------------------------------------------
     0 | D:1      | incide the Gnoll Skald began the quest for the Orb.
     0 | D:1      | Reached XP level 1. HP: 20/20 MP: 6/6
   252 | D:1      | Reached XP level 2. HP: 26/26 MP: 7/7
   300 | D:1      | Learned a level 2 spell: Song of Slaying
   303 | D:1      | Learned a level 2 spell: Shroud of Golubria
   361 | D:1      | You fall into a shaft and drop 1 floor!
   372 | D:2      | Found a stormy altar of Qazlal.
   445 | D:2      | Found a burning altar of Makhleb.
   449 | D:2      | Found a glowing silver altar of Zin.
   449 | D:2      | Noticed an angel
   449 | D:2      | Noticed a cacodemon
   475 | D:2      | Reached skill level 5 in Spellcasting
   475 | D:2      | Reached XP level 3. HP: 9/31 MP: 2/9
   485 | D:2      | Learned a level 3 spell: Regeneration
   490 | D:2      | Learned a level 3 spell: Spectral Weapon
   865 | D:2      | Noticed Sigmund
   886 | D:2      | HP: 6/31 [something (3)]
   909 | D:2      | Killed Sigmund
   909 | D:2      | Reached skill level 1 in Short Blades
   909 | D:2      | Reached skill level 1 in Long Blades
   909 | D:2      | Reached skill level 1 in Maces & Flails
   909 | D:2      | Reached skill level 1 in Polearms
   909 | D:2      | Reached skill level 1 in Staves
   909 | D:2      | Reached skill level 1 in Slings
   909 | D:2      | Reached skill level 1 in Bows
   909 | D:2      | Reached skill level 1 in Crossbows
   909 | D:2      | Reached skill level 1 in Throwing
   909 | D:2      | Reached skill level 3 in Armour
   909 | D:2      | Reached skill level 1 in Stealth
   909 | D:2      | Reached skill level 1 in Shields
   909 | D:2      | Reached skill level 1 in Unarmed Combat
   909 | D:2      | Reached skill level 1 in Conjurations
   909 | D:2      | Reached skill level 1 in Hexes
   909 | D:2      | Reached skill level 1 in Summonings
   909 | D:2      | Reached skill level 1 in Necromancy
   909 | D:2      | Reached skill level 1 in Translocations
   909 | D:2      | Reached skill level 1 in Transmutations
   909 | D:2      | Reached skill level 1 in Fire Magic
   909 | D:2      | Reached skill level 1 in Ice Magic
   909 | D:2      | Reached skill level 1 in Air Magic
   909 | D:2      | Reached skill level 1 in Earth Magic
   909 | D:2      | Reached skill level 1 in Poison Magic
   909 | D:2      | Reached skill level 1 in Invocations
   909 | D:2      | Reached skill level 1 in Evocations
   909 | D:2      | Reached XP level 4. HP: 12/38 MP: 0/11
   909 | D:2      | Reached XP level 5. HP: 14/43 MP: 0/12
   916 | D:2      | HP: 8/43 [hobgoblin (4)]
  1154 | D:2      | Noticed a centaur
  1407 | D:2      | Reached XP level 6. HP: 42/50 MP: 13/13
  1451 | D:2      | Reached skill level 2 in Invocations
  1512 | D:2      | Reached skill level 5 in Fighting
  1512 | D:2      | Reached skill level 2 in Short Blades
  1512 | D:2      | Reached skill level 2 in Long Blades
  1512 | D:2      | Reached skill level 5 in Axes
  1512 | D:2      | Reached skill level 2 in Maces & Flails
  1512 | D:2      | Reached skill level 2 in Polearms
  1512 | D:2      | Reached skill level 2 in Staves
  1512 | D:2      | Reached skill level 2 in Slings
  1512 | D:2      | Reached skill level 2 in Bows
  1512 | D:2      | Reached skill level 2 in Crossbows
  1512 | D:2      | Reached skill level 2 in Throwing
  1512 | D:2      | Reached skill level 5 in Dodging
  1512 | D:2      | Reached skill level 2 in Stealth
  1512 | D:2      | Reached skill level 2 in Shields
  1512 | D:2      | Reached skill level 2 in Unarmed Combat
  1512 | D:2      | Reached skill level 2 in Evocations
  1554 | D:2      | Noticed Terence
  1584 | D:2      | Killed Terence
  2091 | D:3      | Noticed Natasha
  2109 | D:3      | Killed Natasha
  2205 | D:3      | Found a white marble altar of Elyvilon.
  2218 | D:3      | Noticed Natasha
  2224 | D:3      | Killed Natasha
  2233 | D:3      | Reached XP level 7. HP: 55/56 MP: 9/15
  2513 | D:3      | Noticed Natasha
  2523 | D:3      | Killed Natasha
  2595 | D:4      | Found Koiman's Gadget Shop.
  2707 | D:4      | Reached skill level 2 in Conjurations
  2707 | D:4      | Reached skill level 2 in Hexes
  2707 | D:4      | Reached skill level 2 in Summonings
  2707 | D:4      | Reached skill level 2 in Necromancy
  2707 | D:4      | Reached skill level 2 in Translocations
  2707 | D:4      | Reached skill level 2 in Transmutations
  2707 | D:4      | Reached skill level 2 in Fire Magic
  2707 | D:4      | Reached skill level 2 in Ice Magic
  2707 | D:4      | Reached skill level 2 in Air Magic
  2707 | D:4      | Reached skill level 2 in Earth Magic
  2707 | D:4      | Reached skill level 2 in Poison Magic
  2893 | D:4      | Found a staircase to the Ecumenical Temple.
  2910 | Temple   | Entered the Ecumenical Temple
  3159 | Temple   | Became a worshipper of Ashenzari the Shackled
  3328 | D:5      | Entered Level 5 of the Dungeon
  3398 | D:5      | Noticed Eustachio
  3423 | D:5      | Noticed Eustachio
  3423 | D:5      | Eustachio changed into Eustachio the howler monkey
  3427 | D:5      | Killed Eustachio the howler monkey
  3591 | D:5      | Reached skill level 3 in Invocations
  3604 | D:5      | HP: 5/56 [scorpion (8)]
  3607 | D:5      | Slain by a scorpion

Levels and vault maps discovered:
D:1:      scummos_arrival_checkerplants, layout_loops_ring
D:2:      layout_loops_ring, grunt_temple_overflow_order_and_chaos_2,
          nicolae_qazlal_general_emergency, kennysheep_nub, uniq_sigmund,
          uniq_terence
D:3:      layout_loops_ring, elyvilon_altar_3, kennysheep_generic_room_9,
          uniq_natasha
D:4:      layout_rooms, minmay_temple_entry_junction, serial_shops,
          nicolae_shop_waterfront, first_ration
D:5:      layout_basic, nicolae_overflow_hidden_temple, serial_shops,
          shop_statue, uniq_eustachio
Temple:   oiseaux_autumnal_temple

Skill      XL: |  1  2  3  4  5  6  7 |
---------------+----------------------+-----
Spellcasting   | 5 |  5.7
Short Blades   | 1 2 |  2.6
Long Blades    | 1 2 |  2.6
Maces & Flails | 1 2 |  2.6
Polearms       | 1 2 |  2.6
Staves         | 1 2 |  2.6
Slings         | 1 2 |  2.6
Bows           | 1 2 |  2.6
Crossbows      | 1 2 |  2.6
Throwing       | 1 2 |  2.6
Armour         | 3 |  3.7
Stealth        | 1 2 |  2.6
Shields        | 1 2 |  2.6
Unarmed Combat | 1 2 |  2.6
Conjurations   | 1 2 |  2.1
Hexes          | 1 2 |  2.1
Summonings     | 1 2 |  2.1
Necromancy     | 1 2 |  2.1
Translocations | 1 2 |  2.1
Transmutations | 1 2 |  2.1
Fire Magic     | 1 2 |  2.1
Ice Magic      | 1 2 |  2.1
Air Magic      | 1 2 |  2.1
Earth Magic    | 1 2 |  2.1
Poison Magic   | 1 2 |  2.1
Invocations    | 1 2 3 |  3.0
Evocations     | 1 2 |  2.6
Fighting       | 5 |  5.3
Axes           | 5 |  5.3
Dodging        | 5 |  5.3
Charms         | |  5.9

Action                   |  1- 3 |  4- 6 |  7- 9 || total
-------------------------+-------+-------+-------++-------
Melee: Hand axe          |   102 |   113 |   117 ||   332
       Bite              |     4 |    12 |    12 ||    28
       Punch             |       |       |     1 ||     1
 Fire: Shortbow          |       |     1 |       ||     1
 Cast: Shroud of Golubri |     3 |     5 |     6 ||    14
       Infusion          |     2 |     5 |     2 ||     9
       Regeneration      |     4 |     4 |     8 ||    16
       Spectral Weapon   |     1 |     7 |     8 ||    16
Evoke: Wand              |       |       |     1 ||     1
  Use: Potion            |     3 |       |     2 ||     5
       Scroll            |     1 |       |       ||     1
 Stab: Sleeping          |     1 |     5 |     3 ||     9
       Distracted        |       |       |     1 ||     1
  Eat: Chunk             |       |     6 |     6 ||    12
Armor: Leather armour    |    18 |    20 |    22 ||    60
Dodge: Dodged            |    68 |    78 |    80 ||   226

Table legend:
 A = Non-vault XP
 B = Vault XP
 C = Vault XP percentage of total XP
 D = Non-vault monster count
 E = Vault monster count
 F = Vault count percentage of total count
                 A         B        C        D         E       F
            +---------+---------+-------+---------+---------+-------
      Total |     713 |     369 |  34.1 |      67 |       5 |   6.9
            +---------+---------+-------+---------+---------+-------
        D:1 |      22 |       0 |   0.0 |      13 |       0 |   0.0
        D:2 |     220 |     274 |  55.5 |      22 |       2 |   8.3
        D:3 |     108 |      38 |  26.0 |      20 |       2 |   9.1
        D:4 |     305 |       0 |   0.0 |       8 |       0 |   0.0
        D:5 |      58 |      57 |  49.6 |       4 |       1 |  20.0
            +---------+---------+-------+---------+---------+-------
